 Dungeon Crawl Stone Soup version 0.31-a0-236-g9a0961fb85 (webtiles) character file.

Game seed: 8170431238481990256

27 qw the Shooter (level 2, -1/24 HPs)
             Began as a Minotaur Hexslinger on July 10, 2023.
             Slain by Terence
             ... wielding a +2 short sword of venom
              (4 damage)
             ... on level 2 of the Dungeon.
             The game lasted 00:00:17 (1014 turns).

qw the Shooter (Minotaur Hexslinger)                Turns: 1014, Time: 00:00:18

Health: -1/24      AC:  5    Str: 12    XL:     2   Next: 93%
Magic:  2/2        EV: 10    Int: 10    God:
Gold:   94         SH:  0    Dex: 12    Spells: 2/3 levels left

rFire   . . .        Y - +1 sling
rCold   . . .        (no shield)
rNeg    . . .        f - +0 ring mail
rPois   .            (helmet restricted)
rElec   .            (no cloak)
rCorr   .            (no gloves)
SInv    .            (no boots)
Will    .....        (no amulet)
Stlth   +            (no ring)
HPRegen 0.24/turn    (no ring)
MPRegen 0.08/turn

%: no passive effects
@: lethally poisoned (-1 -> -5)
A: horns 2, retaliatory headbutt
a: no special abilities


You were on level 2 of the Dungeon.
You visited 1 branch of the dungeon, and saw 2 of its levels.

You collected 94 gold pieces.


Innate Abilities, Weirdness & Mutations

You have a pair of horns on your head.
You reflexively headbutt those who attack you in melee.


   Skills:
 - Level 2.0 Fighting
 + Level 3.5 Ranged Weapons
 - Level 2.1 Dodging
 - Level 1.0 Spellcasting
 - Level 2.0 Hexes


You had 2 spell levels left.
You knew the following spells:

 Your Spells              Type           Power      Damage    Failure   Level
a - Slow                  Hex            16%        N/A       34%         1

Your spell library contained the following spells:

 Spells                   Type           Power      Damage    Failure   Level
 Inner Flame              Hex/Fire       2%         N/A       83%         3
 Portal Projectile        Hex/Tloc       4%         N/A       83%         3
 Cause Fear               Hex            2%         N/A       98%         4

Inventory:

Hand Weapons
 Y - a +1 sling (weapon)
Armour
 d - the +0 pair of gloves of Gougu {rN+ Str+5}
   (You found it on level 2 of the Dungeon)

   Str:       It affects your strength (+5).
   rN:        It protects you from negative energy.
 f - a +0 ring mail (worn)
Jewellery
 a - a ring of flight
Scrolls
 b - a scroll of fog {unknown}
 c - 2 scrolls of identify {unknown}
 g - a scroll of teleportation {unknown}
Potions
 e - a potion of ambrosia {unknown}

Dungeon Overview and Level Annotations

Branches:
Dungeon (2/15)

Altars:

Annotations:
D:2 Terence


Message History

Enter note:
Enter note: You shoot a sling bullet.
The sling bullet hits Terence.
Terence is lightly wounded.
You shoot a sling bullet.
The sling bullet hits Terence but does no damage.
Terence is lightly wounded.
A giant cockroach comes into view.
You shoot a sling bullet.
The sling bullet closely misses the giant cockroach.
The giant cockroach bites you but does no damage.
You shoot a sling bullet.
The sling bullet hits the giant cockroach!
You kill the giant cockroach!
You shoot a sling bullet.
The sling bullet closely misses the rat.
The rat bites you but does no damage. The rat barely misses you.
You shoot a sling bullet. The sling bullet hits the rat.
You kill the rat!
Terence says, "Time to say good-bye..."
You shoot a sling bullet.
The sling bullet hits Terence but does no damage.
Terence is lightly wounded.
Terence closely misses you.
You shoot a sling bullet. The sling bullet hits Terence.
Terence is lightly wounded.
Terence hits you with a +2 short sword of venom.
Terence zaps a wand.
You resist with significant effort.
You shoot a sling bullet. The sling bullet hits Terence.
Terence is heavily wounded.
Terence hits you with a +2 short sword of venom.
You are poisoned.
You shoot a sling bullet. The sling bullet barely misses Terence.
You feel very sick.
Terence hits you with a +2 short sword of venom!
You shoot a sling bullet. The sling bullet barely misses Terence.
You feel sick.
Terence shouts, "ATTACK!!!"
Terence hits you with a +2 short sword of venom.
You die...

## ... ## ####.### .#
.#.#.#.#.# .#
##.#.#.#.#.# .#
#.#.#.#.#.#.#.##
###.#.#.#.#.#@@.#
#.#..#.#.#.#.#.#%......
#.#.#.#.#.#.#.#.#.##...
#....#.#.#.#.#.##... .
#...#.#.#.#.#.#.# ...
#...#.#.#.#.#.## .....
#..#.#.#.#.#.#.# #...
#...#.#.#.#.#.## ...
###..#.#.#.#.#.#..


You could see Terence.

Vanquished Creatures
  A dart slug (D:2)
  An endoplasm (D:1)
  2 giant cockroaches
  3 goblins
  5 hobgoblins
  5 kobolds
  2 ball pythons (D:1)
  2 rats
21 creatures vanquished.

Notes
Turn   | Place    | Note
-------+----------+-------------------------------------------
     0 | D:1      | qw the Minotaur Hexslinger began the quest for the Orb.
     0 | D:1      | Reached XP level 1. HP: 16/16 MP: 1/1
     0 | D:1      | 0 ||| qw: Version: 0.3-a-52-g30416fa
     0 | D:1      | 0 ||| qw: Game counter: 4797
     0 | D:1      | 0 ||| qw: Melee chars always use a shield: true
     0 | D:1      | 0 ||| qw: God list: Okawaru
     0 | D:1      | 0 ||| qw: Allow faded altars: false
     0 | D:1      | 0 ||| qw: Do Orc after clearing Dungeon:15 true
     0 | D:1      | 0 ||| qw: Do second Lair branch before Depths: true
     0 | D:1      | 0 ||| qw: Lair rune preference: random
     0 | D:1      | 0 ||| qw: Goals: Normal
     0 | D:1      | 0 ||| PLANNING D:1-11
   356 | D:1      | Reached skill level 3 in Ranged Weapons
   356 | D:1      | Reached XP level 2. HP: 22/23 MP: 2/2
   789 | D:1      | Found a faded altar of an unknown god.
   806 | D:1      | 806 ||| UPGRADING to +0 ring mail.
   816 | D:1      | 816 ||| DROPPING +0 robe.
   817 | D:1      | 817 ||| READING scroll labelled ASUIHO WIOD.
   818 | D:1      | 818 ||| READING scroll labelled WOXIJU SYHOSY CAF.
   819 | D:1      | 819 ||| READING scroll labelled LEONNY VAROCK.
   820 | D:1      | 820 ||| DROPPING scroll of poison.
   949 | D:2      | Identified the +0 pair of gloves of Gougu {rN+ Str+5}
  1003 | D:2      | Noticed Terence
  1013 | D:2      | HP: 5/24 [Terence/+2 short sword of venom (8)]
  1014 | D:2      | Slain by Terence

Levels and vault maps discovered:
D:1:      dpeg_arrival_fog, layout_loops_corners,
          shapermc_ecumenical_altar_notcrosses
D:2:      wad_lake_hut, layout_loops_ring, minivault_23, minivault_25,
          uniq_terence

Skill      XL: |  1  2 |
---------------+-------+-----
Ranged Weapons | 3 |  3.5
Fighting       | 2 |  2.0
Dodging        | |  2.1
Spellcasting   | |  1.0
Hexes          | |  2.0

Action                     || total
---------------------------++-------
   Fire: Sling             ||    66
    Use: Scroll            ||     3
 Armour: Robe              ||     1
         Ring mail         ||     2
  Dodge: Dodged            ||     9

Table legend:
 A = Non-vault XP
 B = Vault XP
 C = Vault XP percentage of total XP
 D = Non-vault monster count
 E = Vault monster count
 F = Vault count percentage of total count
                 A         B        C        D         E       F
            +---------+---------+-------+---------+---------+-------
      Total |      39 |       0 |   0.0 |      21 |       0 |   0.0
            +---------+---------+-------+---------+---------+-------
        D:1 |      26 |       0 |   0.0 |      15 |       0 |   0.0
        D:2 |      13 |       0 |   0.0 |       6 |       0 |   0.0
            +---------+---------+-------+---------+---------+-------
